 Dungeon Crawl Stone Soup version 0.21.1-1-g345015fe64 (webtiles) character file.

77 LisaTheBanana the Shield-Bearer (level 4, -4/37 HPs)
             Began as a Formicid Fighter on Apr 8, 2018.
             Slain by Thargor's ghost (7 damage)
             ... on level 3 of the Dungeon.
             The game lasted 00:06:34 (1576 turns).

LisaTheBanana the Shield-Bearer (Formicid Fighter)  Turns: 1576, Time: 00:06:34

Health: -4/37      AC:  7    Str: 21    XL:     4   Next: 60%
Magic:  4/4        EV:  8    Int:  7    God:
Gold:   96         SH:  9    Dex: 11    Spells: 3/3 levels left

rFire    . . .     SeeInvis +   g - +2 hand axe (flame)
rCold    . . .     Gourm    .   c - +0 shield
rNeg     . . .     Faith    .   b - +0 scale mail
rPois    .         Spirit   .   (helmet unavailable)
rElec    .         Reflect  .   (no cloak)
rCorr    .         Harm     .   (no gloves)
MR       .....                  (no boots)
Stlth    ..........             (no amulet)
HPRegen  0.12/turn              (no ring)
MPRegen  0.09/turn              (no ring)

@: no status effects
A: permanent stasis, dig shafts and tunnels, four strong arms, antennae 3
a: Dig, Shaft Self


You were on level 3 of the Dungeon.
You were very hungry.

You visited 1 branch of the dungeon, and saw 3 of its levels.

You collected 96 gold pieces.

Inventory:

Hand Weapons
 a - a +0 trident
 g - a +2 hand axe of flaming (weapon)
Missiles
 r - 3 javelins (quivered)
Armour
 b - a +0 scale mail (worn)
 c - a +0 shield (worn)
Jewellery
 n - an uncursed ring of protection from magic {unknown}
Scrolls
 e - a scroll of fear {unknown}
 i - 2 scrolls of magic mapping {unknown}
 j - a scroll of remove curse {unknown}
 l - a scroll of identify {unknown}
 m - a scroll of enchant weapon {unknown}
 o - a scroll of fog {unknown}
 q - 2 scrolls of random uselessness {unknown}
Potions
 d - a potion of might
 h - 2 potions of resistance {unknown}
 k - 2 potions of mutation {unknown}
 p - a potion of heal wounds {unknown}
 s - a potion of degeneration {unknown}
Comestibles
 f - 4 rations


   Skills:
 + Level 3.9 Fighting
 + Level 1.5(2.1) Axes
 + Level 2.1(2.4) Polearms
 + Level 3.7 Armour
 + Level 1.0 Stealth
 + Level 4.3 Shields


You had 3 spell levels left.
You didn't know any spells.

Dungeon Overview and Level Annotations

Branches:
Dungeon (3/15)

Altars:
Fedhas
Nemelex Xobeh
Sif Muna

Annotations:
D:3 Thargor's ghost, amateur FoFi


Innate Abilities, Weirdness & Mutations

You cannot be hasted, slowed, berserked, paralysed or teleported.
You can dig through walls and to a lower floor.
Your four strong arms can wield two-handed weapons with a shield.
You have a pair of large antennae on your head. (SInv)


Message History

You hit the hobgoblin but do no damage.
Thargor's ghost hits you but does no damage.
The hobgoblin closely misses you.
You hit Thargor's ghost but do no damage.
Thargor's ghost is severely damaged.
You hit the hobgoblin. You burn the hobgoblin.
You kill the hobgoblin!
Thargor's ghost hits you.
* * * LOW HITPOINT WARNING * * *
You block Thargor's ghost's attack.
You hit Thargor's ghost but do no damage.
Thargor's ghost is severely damaged.
You completely miss the worm. Thargor's ghost hits you.
* * * LOW HITPOINT WARNING * * *
The worm bites you.
* * * LOW HITPOINT WARNING * * *
You barely miss Thargor's ghost.
Thargor's ghost is severely damaged.
You hit the worm. You burn the worm. Thargor's ghost hits you!
You die...

#####
#####.<.#####
#...........#
###........#...#
##...wW....^# {g#
#....@##...?... #
#......###.......
#......$#
#...w...
........#
##......
#....<... ......
##......# ##.
##.....# #?.....


You could see a worm and Thargor's ghost.

Vanquished Creatures
  3 adders (D:2)
  3 oozes
  4 dart slugs
  A hobgoblin (D:3)
  2 jackals (D:2)
  A ball python (D:3)
  6 bats
  3 goblins
  7 kobolds
  6 rats
36 creatures vanquished.

Notes
Turn   | Place    | Note
-------+----------+-------------------------------------------
     0 | D:1      | LisaTheBanana the Formicid Fighter began the quest for the Orb.
     0 | D:1      | Reached XP level 1. HP: 18/18 MP: 1/1
   172 | D:1      | Reached skill level 1 in Stealth
   172 | D:1      | Reached XP level 2. HP: 23/24 MP: 2/2
   392 | D:1      | Reached skill level 4 in Shields
   431 | D:1      | Found a sparkling altar of Nemelex Xobeh.
   779 | D:1      | Reached XP level 3. HP: 29/29 MP: 3/3
  1103 | D:2      | Found a deep blue altar of Sif Muna.
  1227 | D:2      | Reached skill level 1 in Axes
  1298 | D:2      | Reached XP level 4. HP: 37/37 MP: 4/4
  1421 | D:2      | Found a blossoming altar of Fedhas.
  1561 | D:3      | Noticed Thargor's ghost (amateur FoFi)
  1576 | D:3      | Slain by Thargor's ghost

Skill      XL: |  1  2  3 |
---------------+----------+-----
Stealth        | 1 |  1.0
Shields        | 4 |  4.3
Axes           | 1 |  1.5
Fighting       | |  3.9
Polearms       | |  2.1
Armour         | |  3.7

Action                   |  1- 3 |  4- 6 || total
-------------------------+-------+-------++-------
Melee: Hand axe          |    45 |    24 ||    69
       Trident           |     4 |       ||     4
  Eat: Chunk             |     1 |       ||     1
Armor: Scale mail        |    18 |    17 ||    35
Dodge: Dodged            |    10 |     7 ||    17
Block: Shield            |    41 |    11 ||    52
